Map: Sueño eterno EE

Players

Nathzsu

  • Race: Terran Terran
  • League: Silver
  • Spawn Location: 1:00

MrFercho - Winner!

  • Race: Zerg Zerg
  • League: Silver
  • Spawn Location: 7:00

VOD

Have the link to the VOD?

Description

Time

  • Played on: June 24, 2020, 10:47 p.m.
  • Length: 13:13
Show
View Real Time Build Order
Export as new Build Order

Nathzsu Terran 

Build Orders:  

Get SALT Encoding   

  12  0:02  SCV  
  13  0:14  SCV  
  13  0:20  Supply Depot  
  14  0:26  SCV  
  15  0:31  Refinery  
  15  0:45  Barracks  
  15  0:47  SCV  
  16  1:07  SCV  
  17  1:19  SCV  
  18  1:30  Refinery  
  18  1:31  SCV  
  19  1:34  Supply Depot  
  19  1:43  SCV  
  20  2:05  SCV  
  21  2:14  Factory  
  21  2:18  SCV  
  21  2:19  Barracks Reactor  
  21  2:22  Barracks  
  22  2:27  Supply Depot  
  22  2:31  Supply Depot  
  22  2:48  Orbital Command  
  22  2:56  Marine  
  22  2:57  Marine  
  24  3:00  Factory Tech Lab  
  24  3:12  Starport  
  24  3:14  Marine x2, Barracks Tech Lab  
  26  3:30  Siege Tank  
  29  3:41  Supply Depot  
  29  3:44  Stimpack  
  29  3:50  Viking  
  31  3:59  Engineering Bay  
  31  4:03  Siege Tank  
  31  4:08  SCV  
  35  4:21  Viking  
  37  4:39  Command Center  
  37  4:54  Marine x2  
  39  5:01  Terran Infantry Weapons Level 1  
  39  5:07  Missile Turret  
  39  5:12  Marine x2  
  41  5:18  Starport Tech Lab  
  41  5:24  Combat Shield  
  41  5:30  Marine x2  
  31  6:43  Marine x3  
  34  6:50  Siege Tank  
  37  7:01  Marine x3  
  38  7:19  Marine x3  
  38  7:22  Siege Tank  
  42  7:36  Marine  
  42  7:37  Marine x2  
  43  7:43  Raven  
  47  7:54  Siege Tank  
  47  7:55  Marine  
  51  8:05  Terran Infantry Armor Level 1  
  51  8:08  Refinery  
  48  8:21  Supply Depot  
  48  8:23  Supply Depot  
  48  8:24  Supply Depot  
  48  8:26  Siege Tank, Liberator  
  52  8:31  Refinery  
  35  8:46  Marine x3  
  35  8:56  Orbital Command, Missile Turret  
  35  8:58  Siege Tank  
  35  9:00  SCV  
  39  9:04  Marine x3  
  42  9:12  SCV  
  43  9:19  Armory  
  43  9:22  Marine x3  
  46  9:24  SCV  
  46  9:30  Fusion Core  
  44  9:35  SCV  
  45  9:40  Marine x3  
  48  9:48  SCV  
  48  9:50  Supply Depot  
  49  9:58  Marine  
  50  10:00  SCV  
  51  10:10  Starport  
  51  10:13  Supply Depot  
  51  10:23  SCV  
  52  10:35  SCV, Supply Depot  
  53  10:41  Weapon Refit  
  53  10:42  Terran Vehicle And Ship Armor Level 1  
  53  10:47  SCV, Starport Tech Lab  
  54  10:52  Starport  
  54  10:58  Supply Depot  
  54  10:59  SCV, Concussive Shells  
  54  11:01  Thor  
  42  11:20  Supply Depot, Marine x2  
  42  11:21  Marine  
  41  11:36  Hi-Sec Auto Tracking  
  41  11:38  Marine x3  
  41  11:54  Smart Servos  
  41  11:56  Marine x3  
  41  12:00  SCV  
  39  12:12  SCV  
  39  12:13  Siege Tank  
  39  12:14  Marine x3  
  35  12:31  Marine  
  35  12:32  Marine x2  
  26  12:46  Starport Tech Lab  
  26  12:49  Marine x2  
  26  12:50  Marine  
Show
View Real Time Build Order
Export as new Build Order

MrFercho Zerg - Winner!

Build Orders: Hatch First, Roach Hydra 

Get SALT Encoding   

  12  0:01  Drone  
  13  0:13  Overlord  
  13  0:16  Drone  
  14  0:31  Drone x2  
  16  0:51  Hatchery  
  16  0:52  Drone  
  16  1:07  Spawning Pool  
  16  1:10  Drone  
  16  1:13  Drone  
  16  1:16  Drone  
  18  1:21  Drone  
  19  1:30  Extractor  
  19  1:32  Drone  
  19  1:44  Overlord  
  19  1:53  Queen  
  21  2:00  Drone  
  22  2:07  Spine Crawler, Drone  
  22  2:08  Drone  
  23  2:16  Drone x2  
  23  2:17  Queen  
  27  2:28  Drone x2  
  29  2:30  Spine Crawler  
  28  2:41  Drone x2  
  30  2:46  Drone  
  30  2:50  Roach Warren  
  30  2:52  Lair  
  30  2:59  Queen  
  30  3:02  Drone  
  30  3:05  Drone  
  34  3:10  Drone x2  
  36  3:13  Overlord  
  36  3:21  Overlord  
  36  3:34  Overlord x2  
  36  3:36  Drone  
  37  3:47  Drone, Extractor  
  37  3:48  Drone x4  
  41  3:49  Extractor, Glial Reconstitution  
  40  3:56  Evolution Chamber, Drone  
  40  3:59  Drone  
  41  4:09  Overseer  
  41  4:14  Drone x2  
  43  4:41  Zergling x16  
  43  4:44  Drone  
  43  4:45  Drone x2  
  54  4:54  Drone  
  55  5:03  Roach x2  
  59  5:21  Spore Crawler  
  59  5:27  Overlord x4  
  58  5:50  Roach x5  
  65  6:00  Hydralisk Den  
  65  6:02  Spire  
  50  6:18  Roach x5  
  50  6:19  Roach x3  
  56  6:37  Spine Crawler  
  56  6:38  Queen  
  57  6:42  Zerg Missile Weapons Level 1  
  57  6:43  Hydralisk x3  
  57  6:44  Hydralisk  
  65  7:01  Overlord x7  
  65  7:30  Queen  
  65  7:33  Muscular Augments  
  65  7:36  Drone  
  71  7:37  Drone x6  
  74  7:47  Overseer  
  74  7:48  Overseer  
  74  7:53  Hatchery, Extractor  
  74  7:56  Extractor  
  59  8:44  Grooved Spines  
  59  8:48  Hydralisk x6  
  59  8:49  Hydralisk x4  
  79  9:03  Lurker Den  
  79  9:06  Infestation Pit  
  79  9:08  Drone x3  
  80  9:10  Extractor  
  79  9:18  Overseer  
  79  9:32  Hatchery  
  79  9:34  Hatchery  
  79  9:36  Hatchery  
  76  9:42  Drone x4  
  76  9:43  Drone x8  
  88  9:47  Hydralisk  
  90  9:57  Hydralisk x5  
  100  10:13  Overlord x2  
  100  10:14  Overlord x3  
  100  10:27  Ravager  
  100  10:28  Ravager  
  102  10:31  Lurker x2  
  104  10:41  Hive  
  104  10:45  Hydralisk  
  104  10:49  Zergling x2  
  108  10:50  Zergling x18  
  108  10:53  Metabolic Boost  
  106  11:13  Hydralisk  
  106  11:14  Hydralisk x3  
  106  11:17  Zergling x24  
  108  11:46  Drone x3  
  108  11:47  Drone x12  
  111  12:21  Evolution Chamber  
  103  12:42  Hatchery  
  103  12:43  Extractor  
  101  12:47  Extractor  
Tags
 
Composition
Roach Hydra
Matchup
TvZ
Replay Pack
MrFercho
Spawn Locations
Cross Positions
Add a new tag
Caveats
  • Supply blocks, unpowered buildings, or Contaminate may cause inaccurate times.
  • Supply counts are checked every 10 seconds.